 Dungeon Crawl Stone Soup version 0.22.1-2-g9c5b331 (webtiles) character file.

434 SpImRoXx the Cudgeler (level 6, -1/93 HPs)
             Began as a Troll Berserker on Nov 13, 2018.
             Was a Believer of Trog.
             Slain by an ice beast (6 damage)
             ... on level 5 of the Dungeon.
             The game lasted 00:13:11 (2799 turns).

SpImRoXx the Cudgeler (Troll Berserker)             Turns: 2799, Time: 00:13:12

Health: -1/93      AC:  5    Str: 31    XL:     6   Next: 67%
Magic:  5/5        EV: 10    Int:  0    God:    Trog [**....]
Gold:   165        SH:  0    Dex:  9    Spells: 5/5 levels left

rFire    . . .     SeeInvis .   i - +1 hand axe (chop)
rCold    . . .     Gourm    +   (no shield)
rNeg     . . .     Faith    .   b - +0 animal skin
rPois    .         Spirit   .   (helmet restricted)
rElec    .         Reflect  .   (no cloak)
rCorr    .         Harm     .   (gloves unavailable)
MR       .....                  (boots unavailable)
Stlth    ..........             (no amulet)
HPRegen  0.65/turn              o - ring of wizardry
MPRegen  0.09/turn              t - -5 ring of intelligence (curse)

@: berserking, slowed, lost intelligence
A: large, unfitting armour, claws 3, fast metabolism 3, gourmand, regeneration
1, shaggy fur 1, tough skin 2
a: Berserk, Trog's Hand, Renounce Religion


You were on level 5 of the Dungeon.
You worshipped Trog.
Trog was pleased with you.
You were not hungry.

You visited 1 branch of the dungeon, and saw 5 of its levels.

You collected 165 gold pieces.

Inventory:

Hand Weapons
 a - a +0 mace
 i - a +1 hand axe of chopping (weapon)
 p - a +1 hand axe of venom
Armour
 b - a +0 animal skin (worn)
Jewellery
 o - a ring of wizardry (left claw)
 t - a cursed -5 ring of intelligence (right claw)
Scrolls
 d - 5 scrolls of enchant armour {unknown}
 e - a scroll of blinking {unknown}
 f - a scroll of amnesia {unknown}
 g - 4 scrolls of identify {unknown}
 h - a scroll of enchant weapon {unknown}
 l - 3 scrolls of teleportation {unknown}
 m - 4 scrolls of remove curse {unknown}
 r - a scroll of noise {unknown}
Potions
 j - a potion of flight {unknown}
 k - a potion of heal wounds {unknown}
 n - a potion of magic {unknown}
 q - a potion of might {unknown}
 s - a potion of lignification {unknown}
Comestibles
 c - 7 rations


   Skills:
 + Level 4.1 Fighting
 * Level 5.7 Maces & Flails
 - Level 2.7 Dodging


You had 5 spell levels left.
You didn't know any spells.
Your spell library was empty.

Dungeon Overview and Level Annotations

Branches:
Dungeon (5/15)
 Temple: D:4-7

Altars:
Fedhas


Innate Abilities, Weirdness & Mutations

You are too large for most types of armour.
You have claws for hands.
Your metabolism is lightning-fast.
You like to eat raw meat.
Your natural rate of healing is unusually fast.
You are covered in fur. (AC +1)
You have very tough skin. (AC +2)


Message History

The ice beast freezes you.
You hit the ice beast but do no damage.
The ice beast is lightly wounded.
You closely miss the adder skeleton. The adder skeleton bites you.
The ice beast hits you. The ice beast freezes you!
* * * LOW HITPOINT WARNING * * *
The adder skeleton bites you.
* * * LOW HITPOINT WARNING * * *
The ice beast hits you.
* * * LOW HITPOINT WARNING * * *
The ice beast freezes you.
* * * LOW HITPOINT WARNING * * *
A red film seems to cover your vision as you go berserk!
You feel yourself moving faster!
You feel mighty!
You feel a lot more hungry. The adder skeleton bites you.
* * * LOW HITPOINT WARNING * * *
The ice beast hits you.
* * * LOW HITPOINT WARNING * * *
The ice beast freezes you.
You die...

.<...#....(.!#
...............
##.#..........#
#.##.........###
#?.#...........#
##..............###
#....######.......###
..).....?......YZ...#
##...........l.#@..%#
#####.........######
#.........#
#.........#
#.........#
###########


You could see an ice beast and an adder skeleton.

Vanquished Creatures
  Grinder (D:3)
  A centaur skeleton (D:4)
  2 orc priests (D:3)
  Jessica (D:3)
  A worker ant (D:4)
  A gnoll (D:1)
  2 adders (D:2)
  An ooze (D:1)
  4 worms
  2 leopard geckos
  An orc (D:3)
  A giant cockroach (D:2)
  7 goblins
  5 hobgoblins
  8 jackals
  7 kobolds
  A quokka (D:2)
  8 bats
  3 frilled lizards
  6 rats
63 creatures vanquished.

Notes
Turn   | Place    | Note
-------+----------+-------------------------------------------
     0 | D:1      | SpImRoXx the Troll Berserker began the quest for the Orb.
     0 | D:1      | Reached XP level 1. HP: 22/22 MP: 0/0
    63 | D:1      | Reached XP level 2. HP: 22/29 MP: 1/1
   109 | D:1      | Reached skill level 3 in Maces & Flails
   411 | D:1      | Reached XP level 3. HP: 33/36 MP: 2/2
   961 | D:2      | Reached ** piety under Trog
   961 | D:2      | Reached XP level 4. HP: 44/45 MP: 3/3
  1859 | D:3      | Reached skill level 4 in Maces & Flails
  1883 | D:3      | Reached XP level 5. HP: 15/53 MP: 4/4
  1952 | D:3      | Noticed Grinder
  1953 | D:3      | Noticed Jessica
  1956 | D:3      | Paralysed by Grinder for 2 turns
  1968 | D:3      | Killed Grinder
  1968 | D:3      | Reached skill level 5 in Maces & Flails
  1968 | D:3      | Reached XP level 6. HP: 62/62 MP: 5/5
  1974 | D:3      | Killed Jessica
  2349 | D:4      | Found a blossoming altar of Fedhas.
  2665 | D:4      | Lost intelligence.
  2778 | D:5      | Entered Level 5 of the Dungeon
  2778 | D:5      | Noticed an ice beast
  2799 | D:5      | Slain by an ice beast

Skill      XL: |  1  2  3  4  5  6 |
---------------+-------------------+-----
Maces & Flails | 3 4 5 |  5.7
Fighting       | 3 4 |  4.1
Dodging        | |  2.7

Action                   |  1- 3 |  4- 6 || total
-------------------------+-------+-------++-------
Melee: Mace              |    59 |       ||    59
       Hand axe          |    56 |   143 ||   199
Invok: Berserk           |       |     3 ||     3
       Trog's Hand       |       |     1 ||     1
  Use: Potion            |       |     2 ||     2
  Eat: Chunk             |    15 |    15 ||    30
Armor: Animal skin       |    53 |    53 ||   106
Dodge: Dodged            |    72 |    90 ||   162
